 Dungeon Crawl Stone Soup version 0.23.2-1-ga50397a6bc (webtiles) character file.

Game seed: 13448871670897054115

148542 Lysie the Warrior (level 17, -18/168 HPs)
             Began as a Hill Orc Fighter on May 7, 2019.
             Was the Champion of Okawaru.
             Demolished by a titan (34 damage)
             ... on level 2 of the Depths on May 8, 2019.
             The game lasted 02:15:40 (42487 turns).

Lysie the Warrior (Hill Orc Fighter)               Turns: 42487, Time: 02:15:40

Health: -18/168    AC: 36    Str: 22    XL:     17   Next: 49%
Magic:  15/17      EV:  7    Int: 10    God:    Okawaru [******]
Gold:   855        SH:  9    Dex: 10    Spells: 10/16 levels left

rFire    . . .     SeeInvis .   D - +6 demon whip (venom)
rCold    . . .     Gourm    .   o - +0 buckler {AC+3}
rNeg     + . .     Faith    .   K - +0 plate armour
rPois    +         Spirit   .   M - +2 helmet of Fuow {rElec rN+ rCorr Int-2}
rElec    +         Reflect  +   z - +0 cloak {MR+}
rCorr    +         Harm     .   E - +0 pair of gloves
MR       +++..                  I - +2 pair of boots "Tedu" {MR+}
Stlth    ..........             m - +2 amulet of reflection
HPRegen  0.38/turn              l - +5 ring of protection
MPRegen  0.15/turn              u - ring of poison resistance

@: confusing touch
A: no striking features
a: Heroism, Finesse, Renounce Religion


You were on level 2 of the Depths.
You worshipped Okawaru.
Okawaru was exalted by your worship.
You were very hungry.

You visited 4 branches of the dungeon, and saw 25 of its levels.
You also visited: Bailey.

You collected 2738 gold pieces.
You spent 1883 gold pieces at shops.

Inventory:

Hand Weapons
 D - a +6 demon whip of venom (weapon)
 V - the +0 mace of the Invisible Realms {antimagic, *Corrode Str+4}
   (Okawaru gifted it to you on level 4 of the Lair of Beasts)

   It reduces the magical energy of the wielder, and disrupts the spells and
   magical abilities of those hit.
   Natural abilities and divine invocations are not affected.
   It affects your strength (+4).
   It may corrode you when you take damage.
 W - the +6 hand axe "Xuher" {flame, rF+ Str+4 Dex-2 SInv}
   (You found it on level 4 of the Lair of Beasts)

   It has been specially enchanted to burn those struck by it, causing extra
   injury to most foes and up to half again as much damage against particularly
   susceptible opponents.
   Big, fiery blades are also staple armaments of hydra-hunters.
   It affects your strength (+4).
   It affects your dexterity (-2).
   It protects you from fire.
   It lets you see invisible.
Missiles
 F - a poisoned javelin (quivered)
 T - 9 javelins
Armour
 d - a scarf of cloud immunity
 o - a +0 buckler of protection (worn)
 p - a +1 pair of boots of flying
 x - a +0 chain mail of fire resistance
 z - a +0 cloak of magic resistance (worn)
 E - a +0 pair of gloves (worn)
 I - the +2 pair of boots "Tedu" (worn) {MR+}
   (Okawaru gifted it to you on level 12 of the Dungeon)

   It affects your resistance to hostile enchantments.
 K - a +0 plate armour (worn)
 M - the +2 helmet of Fuow (worn) {rElec rN+ rCorr Int-2}
   (You found it on level 8 of the Dungeon)

   It affects your intelligence (-2).
   It insulates you from electricity.
   It protects you from negative energy.
   It provides partial protection from all sources of acid and corrosion.
Jewellery
 l - a +5 ring of protection (left hand)
 m - a +2 amulet of reflection (around neck)
 u - a ring of poison resistance (right hand)
 v - an uncursed ring of positive energy
 w - an uncursed ring of fire
 H - an uncursed amulet of rage
 X - an uncursed ring of protection from fire
Wands
 a - a wand of paralysis (4)
 b - a wand of flame (14)
 i - a wand of clouds (6)
 L - a wand of enslavement (33)
Scrolls
 c - a scroll of identify
 h - 8 scrolls of remove curse
 q - a scroll of holy word
 s - 6 scrolls of teleportation
 y - 5 scrolls of amnesia
 B - 7 scrolls of magic mapping
 N - a scroll of enchant armour
Potions
 e - 3 potions of ambrosia
 g - 5 potions of haste
 j - 6 potions of flight
 k - 3 potions of invisibility
 n - 6 potions of curing
 r - 8 potions of agility
 t - a potion of heal wounds
 A - 3 potions of brilliance
 C - a potion of magic
 G - 3 potions of lignification
 Q - 4 potions of cancellation
 S - a potion of might
Miscellaneous
 Y - a lightning rod (4/4)
Comestibles
 f - 13 rations


   Skills:
 - Level 19.3 Fighting
 - Level 14.0 Maces & Flails
 + Level 16.2 Armour
 + Level 14.3 Shields
 - Level 11.0 Hexes


You had 10 spell levels left.
You knew the following spells:

 Your Spells              Type           Power        Failure   Level  Hunger
a - Confusing Touch       Hex            ###...       3%          1    ##.....
b - Confuse               Hex            ###.....     11%         3    ####...
c - Slow                  Hex            ###.....     5%          2    ###....

Your spell library contained the following spells:

 Spells                   Type           Power        Failure   Level  Hunger
 Corona                   Hex            ###....      3%          1    ##.....
 Tukima's Dance           Hex            ###.....     11%         3    ####...
 Ensorcelled Hibernation  Hex/Ice        ##....       45%         2    ###....
 Dazzling Spray           Conj/Hex       ##....       69%         3    ####...
 Magic Dart               Conj           #...         97%         1    ##.....
 Fulminant Prism          Conj/Hex       ##........   97%         4    #####..
 Blink                    Tloc           N/A          99%         2    ###....
 Call Imp                 Summ           #.......     99%         2    ###....
 Searing Ray              Conj           #.....       99%         2    ###....
 Conjure Flame            Conj/Fire      #.......     100%        3    ####...
 Gell's Gravitas          Tloc           #.........   100%        3    ####...
 Mephitic Cloud           Conj/Pois/Air  #.......     100%        3    ####...
 Force Lance              Conj/Tloc      #.......     100%        4    #####..
 Iskenderun's Mystic Bla  Conj           #.......     100%        4    #####..
 Petrify                  Tmut/Erth      #.......     100%        4    #####..
 Summon Lightning Spire   Summ/Air       #.......     100%        4    #####..
 Metabolic Englaciation   Hex/Ice        ##........   100%        5    ######.
 Silence                  Hex/Air        ##........   100%        5    ######.
 Yara's Violent Unravell  Hex/Tmut       ##........   100%        5    ######.
 Conjure Ball Lightning   Conj/Air       #.........   100%        6    #######
 Deflect Missiles         Chrm/Air       #.........   100%        6    #######
 Tornado                  Air            #.........   100%        9    #######


Dungeon Overview and Level Annotations

Branches:
Dungeon (15/15)            Temple (0/1) D:6            Lair (6/6) D:10
  Swamp (0/4) Lair:3        Snake (0/4) Lair:2        Slime (0/5) Lair:6
    Orc (2/2) D:10            Elf (0/3) Orc:2        Vaults (0/5) D:14
 Depths (2/5) D:15

Altars:
Ashenzari
Dithmenos
Hepliaklqana
Makhleb
Okawaru
Ru
Sif Muna
The Shining One

Shops:
D:6 *   D:11 *   D:14 :   Orc:1 *   Orc:2 ?[!

Portals:
Hell: Depths:1 Depths:2
Pandemonium: Depths:2


Message History

You see here an ugly thing corpse.
Casting: Confusing Touch (safe; 3% risk of failure)
Confirm with . or Enter, or press ? or * to list all spells.
Your hands begin to glow red.
You are feeling very hungry.
You see here a large rock.
The titan points at you and mumbles some strange words.
The bolt of lightning hits you! You resist. The bolt of lightning hits you!
You resist.
* * * LOW HITPOINT WARNING * * *
The titan hits you!!
* * * LOW HITPOINT WARNING * * *
You see here an ugly thing corpse.
You hit the titan but do no damage.
The titan is heavily wounded.
You hit the titan but do no damage.
The titan is heavily wounded.
You are no longer corroded.
The titan hits you!!
You die...

...###....###.##...##....######.#
.##..###....#..#####.....#....###
#####.####.......#.......#.....#.
#..###..####.....#.......##....##
...###.#..####...#........#.....#
.#.###.###..####..........'......
#..###.#.###..####........#......
.#.###.....###.(####......##.....
#†)###.#.###..##@# ###.....#.....
.#.###.###..####C# ###...####..
..(###.#..####.†## ###....#'#
#.(###..####.C#### ###....#
###(######((##..## ###...
.##(####..##..#### ..#####.
...###..##..##.(## ....####
.####(##C.##..#### ..#####.
#####.####..##)[## ###...


You could see a titan.

Vanquished Creatures
  A caustic shrike (Depths:2)
  A lich (Depths:2)
  Gastronok (Lair:2)
  2 fire giants
  A vampire knight (D:15)
  3 stone giants
  The ghost of sipior the Fighter, a journeyman OgWz of Okawaru (Lair:2)
  Snorg (Lair:4)
  2 fire dragons
  6 ettins
  The ghost of BorisKarlOrff the Severer, a journeyman MiCK of Xom (Lair:1)
  A vault guard (D:14)
  2 ice dragons
  4 great orbs of eyes
  4 hydras
  5 tengu warriors
  19 two-headed ogres
  6 ogre magi
  9 centaur warriors
  3 deep troll earth magi
  3 orc high priests (Orc:2)
  3 deep troll shamans (Depths:2)
  Urug (Lair:4)
  An iron troll (Depths:2)
  3 skeletal warriors (D:15)
  A fire crab (shapeshifter) (D:15)
  9 deep trolls
  An unseen horror (D:15)
  An orange crystal statue (Depths:1)
  A wizard (Depths:2)
  A swamp dragon (Lair:6)
  2 necromancers (Depths:2)
  6 orc knights
  9 orc sorcerers
  A glowing shapeshifter (Depths:2)
  A fire giant zombie (Depths:2)
  6 deep elf magi
  9 ugly things
  2 wolf spiders (Lair:6)
  3 cyclopes
  11 elephants
  A spriggan zombie (Depths:2)
  A manticore (D:15)
  7 black mambas
  A frost giant skeleton (Depths:2)
  An eye of devastation (shapeshifter) (Depths:2)
  A kobold demonologist (D:12)
  17 spiny frogs
  10 yaktaurs
  A rime drake (Lair:6)
  11 komodo dragons
  2 tengu conjurers
  6 trolls
  A queen bee (D:8)
  3 polar bears
  A wolf spider simulacrum (D:15)
  A wind drake (shapeshifter) (D:15)
  2 hornets
  Grinder (D:4)
  A fire giant simulacrum (Depths:2)
  Prince Ribbit (D:7)
  A dream sheep (Lair:2)
  6 blink frogs
  5 slime creatures (Depths:1)
  14 hippogriffs
  A hippogriff (shapeshifter) (D:14)
  A water elemental (D:11)
  2 redbacks (Lair:6)
  Eustachio (D:5)
  37 yaks
  A wraith (D:11)
  13 wyverns
  5 basilisks
  2 shadows (D:15)
  A human (shapeshifter) (Depths:2)
  4 hungry ghosts
  A golden eye (shapeshifter) (D:14)
  A steam dragon (Lair:4)
  13 vampire mosquitoes
  A warg (Orc:2)
  4 nagas (Lair:2)
  A soldier ant (D:12)
  6 acid dragons
  18 water moccasins
  11 porcupines
  44 orc warriors
  3 sky beasts
  10 ice beasts
  A phantom (D:11)
  4 swamp drakes
  A black bear (D:6)
  An eye of draining (D:13)
  19 ogres
  6 boggarts
  7 wolves (Lair:5)
  33 centaurs
  16 crocodiles
  9 big kobolds
  16 bullfrogs
  A gnoll sergeant (D:10)
  2 scorpions
  A water moccasin zombie (D:6)
  A wyvern skeleton (D:12)
  13 killer bees (D:8)
  7 wights (D:15)
  6 electric eels
  11 crimson imps
  3 howler monkeys
  2 quasits
  A bullfrog zombie (D:5)
  4 hounds
  2 bullfrog skeletons
  4 centaur zombies
  7 jellies
  25 orc priests
  31 orc wizards
  6 centaur skeletons
  An iron imp (Orc:1)
  Jessica (D:2)
  6 iguanas
  8 worker ants
  A hound skeleton (D:10)
  3 worker ant zombies
  Robin (D:3)
  A howler monkey skeleton (D:4)
  9 gnolls
  12 adders
  3 shadow imps
  A white imp (Orc:1)
  An ooze (D:1)
  An adder zombie (D:6)
  4 worms
  2 adder skeletons
  5 dart slugs
  8 leopard geckos
  84 orcs
  4 giant cockroaches
  8 hobgoblins
  19 jackals
  6 quokkas
  A ball python (D:4)
  4 bats
  8 frilled lizards
  21 goblins
  24 kobolds
  A leopard gecko zombie (D:2)
  6 rats
  2 fungi
921 creatures vanquished.

Vanquished Creatures (collateral kills)
  A gnoll (D:11)
1 creature vanquished.

Vanquished Creatures (others)
  A two-headed ogre (Depths:1)
  A centaur warrior (Depths:1)
  3 orc warriors
  An ogre (Orc:1)
  2 centaurs
  An orc wizard (Orc:2)
  11 orcs
  A kobold (D:10)
  A fire vortex (Lair:4)
  19 fungi
  27 plants
68 creatures vanquished.

Grand Total: 990 creatures vanquished

Notes
Turn   | Place    | Note
-------+----------+-------------------------------------------
     0 | D:1      | Lysie the Hill Orc Fighter began the quest for the Orb.
     0 | D:1      | Reached XP level 1. HP: 19/19 MP: 1/1
    44 | D:1      | Reached XP level 2. HP: 20/26 MP: 2/2
   214 | D:1      | Reached XP level 3. HP: 15/31 MP: 3/3
   612 | D:2      | Noticed Jessica
   630 | D:2      | Killed Jessica
   630 | D:2      | Reached XP level 4. HP: 25/39 MP: 4/4
  1272 | D:3      | Reached skill level 5 in Maces & Flails
  1284 | D:3      | Noticed Robin
  1337 | D:3      | Killed Robin
  1580 | D:3      | Reached XP level 5. HP: 44/45 MP: 5/5
  2077 | D:3      | Found a deep blue altar of Sif Muna.
  2098 | D:3      | Reached XP level 6. HP: 45/51 MP: 6/6
  2179 | D:3      | Found an iron altar of Okawaru.
  2192 | D:3      | Became a worshipper of Warmaster Okawaru
  2692 | D:4      | Noticed Grinder
  2698 | D:4      | Paralysed by Grinder for 3 turns
  2727 | D:4      | Paralysed by Grinder for 5 turns
  2733 | D:4      | Killed Grinder
  2733 | D:4      | Reached XP level 7. HP: 32/57 MP: 7/7
  2891 | D:4      | Reached * piety under Okawaru
  3071 | D:4      | Reached skill level 4 in Fighting
  3111 | D:4      | Found a shattered altar of Ashenzari.
  3332 | D:5      | Entered Level 5 of the Dungeon
  3450 | D:5      | Reached skill level 5 in Fighting
  3633 | D:5      | Reached skill level 6 in Fighting
  3651 | D:5      | Reached XP level 8. HP: 71/71 MP: 5/8
  3694 | D:5      | Noticed Eustachio
  3728 | D:5      | Killed Eustachio
  3728 | D:5      | Reached skill level 7 in Fighting
  4709 | D:6      | Reached skill level 8 in Fighting
  4757 | D:6      | Found Goyjus's General Store.
  4765 | D:6      | Bought a potion of invisibility for 96 gold pieces
  4856 | D:6      | Got a pitted leather armour
  4873 | D:6      | Identified the cursed +1 leather armour of the Arcane
                  | {Str+4} (You found it on level 6 of the Dungeon)
  4926 | D:6      | Found a staircase to the Ecumenical Temple.
  5030 | D:6      | Reached skill level 9 in Fighting
  5341 | D:7      | Reached ** piety under Okawaru
  5343 | D:7      | Found a shadowy altar of Dithmenos.
  5374 | D:7      | Reached skill level 10 in Fighting
  5404 | D:7      | Noticed Prince Ribbit
  5414 | D:7      | Killed Prince Ribbit
  5414 | D:7      | Reached XP level 9. HP: 43/86 MP: 6/9
  5668 | D:7      | Reached skill level 11 in Fighting
  6208 | D:7      | Found a glowing golden altar of the Shining One.
  6434 | D:8      | Found a hazy altar of Hepliaklqana.
  6438 | D:8      | Found a burning altar of Makhleb.
  6646 | D:8      | Got a scorched helmet
  6657 | D:8      | Identified the +2 helmet of Fuow {rElec rN+ rCorr Int-2}
                  | (You found it on level 8 of the Dungeon)
  6660 | D:8      | Noticed a queen bee
  6668 | D:8      | Killed a queen bee
  6668 | D:8      | Reached *** piety under Okawaru
  6668 | D:8      | Reached skill level 12 in Fighting
  6690 | D:8      | Reached skill level 13 in Fighting
  7469 | D:8      | Reached XP level 10. HP: 102/102 MP: 10/10
  7706 | D:8      | Reached skill level 14 in Fighting
  8160 | D:9      | Reached **** piety under Okawaru
  8180 | D:9      | Learned a level 1 spell: Confusing Touch
  8189 | D:9      | Reached skill level 1 in Hexes
  8512 | D:9      | Found the +6 Majin-Bo {vamp, Archmagi MP+6 Int+6}
  8878 | D:10     | Entered Level 10 of the Dungeon
  8911 | D:10     | Found a staircase to the Orcish Mines.
  8975 | D:9      | Reached skill level 5 in Hexes
 10563 | D:10     | Reached XP level 11. HP: 58/111 MP: 11/11
 11097 | D:10     | Found a staircase to the Lair.
 11822 | D:11     | Found Migudgh's General Store.
 11872 | D:11     | Reached ***** piety under Okawaru
 12440 | D:11     | Noticed a brown ugly thing
 12693 | D:11     | Reached skill level 10 in Hexes
 12763 | D:11     | Killed a brown ugly thing
 13724 | D:12     | Noticed a cyclops
 13740 | D:12     | Killed a cyclops
 13748 | D:12     | Found a flagged portal.
 13896 | Bailey   | Entered a bailey
 14495 | Bailey   | Reached skill level 5 in Armour
 15736 | Bailey   | Reached XP level 12. HP: 118/118 MP: 6/12
 16193 | Bailey   | Identified a scroll of acquirement
 16943 | D:12     | Received a gift from Okawaru
 16957 | D:12     | Got a pair of smoking boots {god gift}
 16970 | D:12     | Identified the +2 pair of boots "Tedu" {MR+} (Okawaru
                  | gifted it to you on level 12 of the Dungeon)
 17660 | Lair:1   | Entered Level 1 of the Lair of Beasts
 18297 | Lair:1   | Reached skill level 10 in Armour
 18699 | Lair:1   | Found a runed translucent door.
 18700 | Lair:1   | Noticed BorisKarlOrff's ghost (journeyman MiCK)
 18740 | Lair:1   | Killed BorisKarlOrff's ghost
 19116 | Lair:2   | Noticed Gastronok
 19609 | Lair:2   | Found a staircase to the Snake Pit.
 20150 | Lair:2   | Reached skill level 10 in Maces & Flails
 20466 | Lair:2   | Found a transporter.
 20467 | Lair:2   | Found a transporter.
 20467 | Lair:2   | Noticed sipior's ghost (journeyman OgWz)
 20597 | Lair:2   | Reached XP level 13. HP: 101/125 MP: 13/13
 20721 | D:11     | Bought a ration for 70 gold pieces
 20721 | D:11     | Bought a ration for 70 gold pieces
 20843 | D:6      | Bought a ration for 60 gold pieces
 20843 | D:6      | Bought a ration for 60 gold pieces
 20843 | D:6      | Bought a ration for 60 gold pieces
 20843 | D:6      | Bought a ration for 60 gold pieces
 21839 | Lair:3   | Found a staircase to the Swamp.
 22967 | Lair:4   | Noticed Urug
 22978 | Lair:4   | Killed Urug
 23185 | Lair:4   | Received a gift from Okawaru
 23200 | Lair:4   | Got a slimy mace {god gift}
 23201 | Lair:4   | Identified the +0 mace of the Invisible Realms {antimagic,
                  | *Corrode Str+4} (Okawaru gifted it to you on level 4 of the
                  | Lair of Beasts)
 23470 | Lair:4   | Noticed Snorg
 23498 | Lair:4   | Killed Snorg
 23717 | Lair:4   | Got an ichor-stained hand axe
 23718 | Lair:4   | Identified the +6 hand axe "Xuher" {flame, rF+ Str+4 Dex-2
                  | SInv} (You found it on level 4 of the Lair of Beasts)
 25821 | Lair:5   | Reached skill level 5 in Shields
 25996 | Lair:6   | Entered Level 6 of the Lair of Beasts
 25996 | Lair:6   | Found a staircase to the Slime Pits.
 26064 | Lair:5   | Reached XP level 14. HP: 80/133 MP: 12/14
 26282 | Lair:6   | Received a gift from Okawaru
 26672 | Lair:6   | Reached ****** piety under Okawaru
 27179 | Lair:6   | Learned a level 3 spell: Confuse
 27275 | Lair:6   | Received a gift from Okawaru
 27421 | Lair:5   | HP: 5/133 [wyvern (12)]
 28116 | Lair:6   | Got a transparent robe
 28118 | Lair:6   | Identified the +0 robe "Moamuwis" {*Drain rN+ Str+3} (You
                  | found it on level 6 of the Lair of Beasts)
 28410 | Lair:2   | Killed sipior's ghost
 28529 | Lair:2   | Killed Gastronok
 28529 | Lair:2   | Received a gift from Okawaru
 28707 | D:13     | Reached skill level 15 in Fighting
 28719 | D:13     | Reached skill level 10 in Shields
 29776 | D:13     | Reached XP level 15. HP: 108/141 MP: 13/15
 30091 | D:14     | Found Peisuapral's Book Emporium.
 30094 | D:14     | Bought a book of Minor Magic for 380 gold pieces
 30097 | D:14     | Learned a level 2 spell: Slow
 30580 | D:14     | Reached skill level 16 in Fighting
 30599 | D:14     | Received a gift from Okawaru
 31015 | D:14     | Found a gate to the Vaults.
 31080 | D:15     | Entered Level 15 of the Dungeon
 32105 | D:15     | Received a gift from Okawaru
 32127 | D:15     | Reached skill level 17 in Fighting
 32311 | D:15     | Found a staircase to the Depths.
 32510 | D:15     | Found a sacrificial altar of Ru.
 32709 | Orc:1    | Entered Level 1 of the Orcish Mines
 32721 | Orc:1    | Found Cyn Luxt's Mayhem Merchandise.
 32946 | Orc:2    | Entered Level 2 of the Orcish Mines
 32946 | Orc:2    | Found a staircase to the Elven Halls.
 33280 | Orc:2    | Found Mevun's Magic Scroll Shoppe.
 33753 | Orc:2    | Reached XP level 16. HP: 110/157 MP: 16/16
 34112 | Orc:2    | Found Cuesk's Antique Armour Shoppe.
 34119 | Orc:2    | Found Aleps's Food Shop.
 34119 | Orc:2    | Found Giunow's Distillery.
 34176 | Orc:2    | Bought a ration for 65 gold pieces
 34176 | Orc:2    | Bought a ration for 65 gold pieces
 34176 | Orc:2    | Bought a ration for 65 gold pieces
 34176 | Orc:2    | Bought a ration for 65 gold pieces
 34176 | Orc:2    | Bought a ration for 65 gold pieces
 34176 | Orc:2    | Bought a ration for 65 gold pieces
 34176 | Orc:2    | Bought a ration for 65 gold pieces
 34176 | Orc:2    | Bought a ration for 65 gold pieces
 34176 | Orc:2    | Bought a ration for 65 gold pieces
 34184 | Orc:2    | Bought a potion of might for 52 gold pieces
 34184 | Orc:2    | Bought a potion of haste for 130 gold pieces
 34184 | Orc:2    | Bought a potion of haste for 130 gold pieces
 34184 | Orc:2    | Bought a potion of haste for 130 gold pieces
 34202 | Orc:2    | Reached skill level 18 in Fighting
 35133 | Orc:1    | Got a fine hat
 35136 | Orc:1    | Identified the +5 hat of Icee {rPois Dex+2} (You found it
                  | on level 1 of the Orcish Mines)
 35366 | Depths:1 | Entered Level 1 of the Depths
 36839 | D:15     | HP: 6/159 [fire giant/+2 great sword of flaming (11)]
 37701 | Depths:1 | Found a gateway to Hell.
 38153 | Depths:1 | Received a gift from Okawaru
 38244 | Depths:1 | Reached skill level 19 in Fighting
 38983 | Depths:1 | Noticed a lich
 39364 | Depths:2 | Found a one-way gate leading to the halls of Pandemonium.
 39626 | Depths:1 | Reached skill level 15 in Armour
 40289 | Depths:2 | Reached XP level 17. HP: 157/168 MP: 17/17
 40988 | Depths:2 | Noticed a lich
 41015 | Depths:2 | Killed a lich
 41047 | Depths:2 | Received a gift from Okawaru
 42453 | Depths:2 | Noticed a caustic shrike
 42465 | Depths:2 | Noticed a titan
 42473 | Depths:2 | Killed a caustic shrike
 42487 | Depths:2 | Demolished by a titan

Skill      XL: |  1  2  3  4  5  6  7  8  9 10 11 12 13 14 15 16 17 |
---------------+----------------------------------------------------+-----
Maces & Flails | 3 4 5 6 8 10 14 | 14.0
Fighting       | 6 10 13 14 15 17 19 | 19.3
Hexes          | 7 11 | 11.0
Armour         | 6 11 12 13 15 16 | 16.2
Shields        | 5 10 11 13 14 | 14.3

Action                   |  1- 3 |  4- 6 |  7- 9 | 10-12 | 13-15 | 16-18 || total
-------------------------+-------+-------+-------+-------+-------+-------++-------
Melee: Flail             |   107 |   220 |   153 |       |       |       ||   480
       Falchion          |       |       |   232 |  1015 |       |       ||  1247
       Dire flail        |       |       |       |   170 |   302 |       ||   472
       Hand axe          |       |       |       |       |   270 |       ||   270
       Demon whip        |       |       |       |       |  1196 |  1022 ||  2218
Throw: Throwing net      |       |       |     1 |       |       |       ||     1
       Javelin           |       |       |       |     7 |     1 |       ||     8
 Cast: Confusing Touch   |       |       |       |    63 |    46 |    43 ||   152
       Confuse           |       |       |       |       |     6 |       ||     6
Invok: Heroism           |       |       |     8 |    49 |    10 |    14 ||    81
  Use: Scroll            |       |     7 |    11 |    21 |    16 |    15 ||    70
       Potion            |       |       |     4 |     6 |     1 |     3 ||    14
 Stab: Held in net/web   |       |       |     2 |       |       |       ||     2
       Confused          |       |       |       |    40 |    27 |    29 ||    96
  Eat: Ration            |       |     2 |     4 |    12 |    12 |     7 ||    37
       Chunk             |       |     1 |       |     8 |    10 |     5 ||    24
Armor: Scale mail        |    40 |     6 |       |       |       |       ||    46
       Chain mail        |       |   126 |   159 |   569 |   916 |       ||  1770
       Leather armour    |       |       |   130 |   135 |       |       ||   265
       Plate armour      |       |       |       |       |    71 |   465 ||   536
Dodge: Dodged            |    36 |    49 |   177 |   447 |   429 |   151 ||  1289
Block: Shield            |    42 |   133 |   256 |       |       |       ||   431
       Reflection        |       |       |     4 |    52 |    35 |    22 ||   113
       Buckler           |       |       |    77 |   531 |   547 |   283 ||  1438
       Other             |       |       |       |     4 |    21 |       ||    25
       Rpst.: Falchion   |       |       |    43 |    99 |       |       ||   142
